 Dungeon Crawl Stone Soup version 0.17-a0-1-g1f4be75 (console) character file.

182 Fusha the Sneak (level 5, -3/29 HPs)
             Began as a Tengu Wanderer on Mar 8, 2015.
             Killed from afar by Robin (10 damage)
             ... with a wand of frost
             ... on level 3 of the Dungeon.
             The game lasted 00:09:24 (3259 turns).

Fusha the Sneak (Tengu Wanderer)                    Turns: 3259, Time: 00:09:24

Health: -3/29      AC:  2    Str: 13    XL:     5   Next: 62%
Magic:  7/7        EV: 12    Int: 13    God:
Gold:   148        SH:  0    Dex: 13    Spells: 0 memorised, 4 levels left

rFire  . . .     SeeInvis .     a - +2 dagger (venom)
rCold  . . .     Clarity  .     e - +0 robe
rNeg   . . .     SustAb   .     (no shield)
rPois  .         Gourm    .     (helmet restricted)
rElec  .         Spirit   .     (no cloak)
rCorr  .         Warding  .     (no gloves)
rMut   .         Stasis   .     (boots unavailable)
MR     .....                    (no amulet)
Stlth  +++.......               w - ring of invisibility
                                m - ring of stealth

@: not resistant to hostile enchantments, fairly stealthy
A: able to fly, beak, talons 3
a: Fly, Evoke Invisibility


You were on level 3 of the Dungeon.
You were not hungry.

You visited 1 branch of the dungeon, and saw 3 of its levels.

You collected 148 gold pieces.

Inventory:

Hand weapons
 a - a +2 dagger of venom (weapon)
 b - a +0 shortbow
 s - a +2 dagger
Missiles
 c - 4 stones (quivered)
 f - 58 arrows
 q - 14 bolts of penetration
Armour
 e - a +0 robe (worn)
Jewellery
 m - a ring of stealth (left hand)
 w - a ring of invisibility (right hand)
Scrolls
 d - 2 scrolls of teleportation
 h - a scroll of remove curse {unknown}
 i - a scroll of amnesia {unknown}
 j - a scroll of immolation {unknown}
 k - 2 scrolls of enchant armour {unknown}
 n - 3 scrolls of random uselessness {unknown}
 o - 5 scrolls of identify {unknown}
 u - a scroll of recharging {unknown}
Potions
 g - a potion of poison {unknown}
 l - a potion of restore abilities {unknown}
 p - a potion of agility {unknown}
 r - a potion of magic {unknown}
Comestibles
 t - 2 bread rations
 v - 2 meat rations


   Skills:
 + Level 1.4 Fighting
 + Level 3.2 Bows
   Level 3.2 Crossbows
 + Level 2.1 Dodging
 + Level 3.8 Stealth
   Level 3.7 Earth Magic


You had 4 spell levels left.
You didn't know any spells.

Dungeon Overview and Level Annotations

Branches:
Dungeon (3/15)

Altars:
Cheibriados
Kikubaaqudgha
Zin
The Shining One

Annotations:
D:3 Robin


Innate Abilities, Weirdness & Mutations

You can fly.
You have a beak for a mouth.
You have claws for feet.


Message History

The goblin is moderately wounded.
The goblin misses you. Robin throws the goblin at you!
A goblin comes into view. It is wielding a club.
Robin barely misses you.
You hit the goblin.
You kill the goblin!
Robin zaps a wand.
The puff of frost hits you!
It is a wand of frost.
A goblin comes into view. It is wielding a dagger.
You barely miss Robin. You peck Robin.
Robin is lightly wounded.
Robin hits you but does no damage.
You completely miss Robin. You peck Robin, but do no damage.
Robin is lightly wounded.
Robin zaps a wand.
The puff of frost hits you!
* * * LOW HITPOINT WARNING * * *
Robin roars a battlecry!
The goblin goes into a battle-frenzy!
You see here a club.
Robin zaps a wand.
The puff of frost hits you!
You die...

............####[###
.......†....# #.##
............####..# #
...............##.##.#
.......<...###.....#.#
....#.....## #.......#
########### ##.....##
##....#
##########@...#
.(gggg.gg)....#
..########....# #..###
..## ..# .## .. .


You could see Robin, a hobgoblin (frenzied) and 4 goblins.

Vanquished Creatures
  An iguana (D:3)
  Jessica (D:2)
  3 gnolls (D:2)
  4 adders
  2 worms (D:2)
  3 giant geckos
  An orc (D:3)
  A giant cockroach (D:3)
  17 goblins
  3 hobgoblins
  7 bats
  3 giant newts
  8 kobolds
  6 rats
60 creatures vanquished.

Vanquished Creatures (others)
  5 toadstools (D:1)
5 creatures vanquished.

Grand Total: 65 creatures vanquished

Notes
Turn   | Place    | Note
--------------------------------------------------------------
     0 | D:1      | Fusha, the Tengu Wanderer, began the quest for the Orb.
     0 | D:1      | Fusha set off with: a +2 dagger, a potion of haste, a +0 shortbow, a scroll of teleportation, a +0 robe, 20 arrows, a bread ration
     0 | D:1      | Reached XP level 1. HP: 10/10 MP: 1/1
   538 | D:1      | Reached XP level 2. HP: 15/15 MP: 3/3
  1440 | D:2      | Found a glowing silver altar of Zin.
  1446 | D:2      | Reached XP level 3. HP: 19/19 MP: 4/4
  1835 | D:2      | Reached skill level 1 in Bows
  2194 | D:2      | Found an ancient bone altar of Kikubaaqudgha.
  2241 | D:2      | Reached skill level 1 in Fighting
  2241 | D:2      | Reached skill level 1 in Dodging
  2241 | D:2      | Reached XP level 4. HP: 16/25 MP: 5/5
  2498 | D:2      | Noticed Jessica
  2506 | D:2      | Killed Jessica
  2887 | D:2      | Reached XP level 5. HP: 20/29 MP: 7/7
  2991 | D:2      | Found a snail-covered altar of Cheibriados.
  2992 | D:2      | Found a glowing golden altar of the Shining One.
  3242 | D:3      | Noticed Robin
  3259 | D:3      | Killed from afar by Robin

Action                   |  1- 3 |  4- 6 || total
-------------------------+-------+-------++-------
Melee: Dagger            |    63 |    37 ||   100
 Fire: Shortbow          |    48 |    51 ||    99
  Use: Potion            |     1 |       ||     1
 Stab: Sleeping          |     3 |     2 ||     5
  Eat: Fruit             |     4 |       ||     4
       Bread ration      |     1 |       ||     1
